 Dungeon Crawl Stone Soup version 0.31.0-32-g396128a36d (webtiles) character file.

Game seed: 14556104962597449854

1 melchizedek the Apothecary (level 1, 15/15 HPs)
             Began as a Djinni Ice Elementalist on Apr 24, 2024.
             Quit the game on level 1 of the Dungeon.
             The game lasted 00:00:24 (41 turns).

melchizedek the Apothecary (Djinni Ice Elementalist)  Turns: 41, Time: 00:00:25

Health: 15/15      AC:  3    Str:  7    XL:     1   Next: 22%
Gold:   0          EV: 11    Int: 16    God:
                   SH:  0    Dex: 13

rFire   + + .        (no weapon)
rCold   x . .        (no shield)
rNeg    . . .        b - +0 leather armour
rPois   ∞            (no helmet)
rElec   .            (no cloak)
rCorr   .            (no gloves)
SInv    .            (boots unavailable)
Will    .....        (no amulet)
Stlth   ++           (no ring)
HPRegen 0.22/turn    (no ring)
MPRegen 0.00/turn

%: no passive effects
@: flying
A: sickness immunity, fire resistance 2, cold vulnerability 1, float, innate
caster, HP casting, extra vitality 1
a: no special abilities


You were on level 1 of the Dungeon.
You visited 1 branch of the dungeon, and saw 1 of its levels.

Inventory:

Armour
 a - a +0 robe
 b - a +0 leather armour (worn)


   Skills:
 + Level 2.2 Dodging
 + Level 1.6 Stealth
 + Level 3.5 Spellcasting
 + Level 3.5 Conjurations
 + Level 3.5 Hexes
 + Level 3.5 Summonings
 + Level 3.5 Necromancy
 + Level 3.5 Translocations
 + Level 3.5 Fire Magic
 + Level 3.5 Ice Magic
 + Level 3.5 Air Magic
 + Level 3.5 Earth Magic
 + Level 3.5 Alchemy


You knew the following spells:

 Your Spells              Type           Power      Damage    Failure   Level
a - Freeze                Ice            56%        1d7       6%          1
b - Frozen Ramparts       Ice            28%        1d5       19%         3
c - Ozocubu's Armour      Ice            14%        N/A       19%         3
d - Summon Ice Beast      Ice/Summ       14%        N/A       19%         3
Your spell library was empty.

Dungeon Overview and Level Annotations

Branches:
Dungeon (1/15)

Altars:


Innate Abilities, Weirdness & Mutations

You are immune to sickness and miasma.
You are immune to poison.
Your flesh is very heat resistant. (rF++)
You are vulnerable to cold. (rC-)
You float through the air rather than walking.
You learn spells naturally, not from books.
Your magical power is your life essence.
You have superior vitality. (+4 MHP)


Message History

Welcome, melchizedek the Djinni Ice Elementalist.
The Orb of Zot is coveted for many reasons.
Will you seize it for your own?
Press ? for a list of commands and other information.
Found a staircase leading out of the dungeon.
You begin with the following spells memorised: Freeze, Frozen Ramparts, Ozocubu's Armour, Summon Ice Beast.
Cast which spell? (? or * to list)
Okay, then.
Found a leather armour.
Found Favy's Octavo of Moving Trauma.
Press: ? - help, v - describe, . - travel The floor.
Found a hand axe.
You see here a +0 leather armour.
b - a +0 leather armour You start removing your armour.
You continue taking off your +0 robe. x4
You finish taking off your +0 robe.
You start putting on your armour.
You continue putting on your +0 leather armour. x5
You finish putting on your +0 leather armour.
A goblin comes into view. It is wielding a +0 club.
Cast which spell? (? or * to list)
You can't see any susceptible monsters within range! (Use Z to cast anyway.)
A goblin is nearby!
You freeze the goblin.
You kill the goblin!
Casting: Freeze (safe; 6% risk of failure)
Confirm with . or Enter, or press ? or * to list all spells.
Okay, then.
Are you sure you want to abandon this character and quit the game? (Confirm with "yes".)

##### ####
#....#########...
+.......##.....###
#.....#...........
.###.............#
..........##.....#
............@)...##
.....###..#.........
#.##.........##.....
#### #....#.#..# ....
..... #....#.#..# ...
##.#.. #....#.#.... ..
...#...#....#.#..... .
.#.###.#....#.######.#
.....#.:..........# .


There were no monsters in sight!

Vanquished Creatures
  A goblin (D:1)
1 creature vanquished.

Notes
Turn   | Place    | Note
-------+----------+-------------------------------------------
     0 | D:1      | melchizedek the Djinni Ice Elementalist began the quest for
                  | the Orb.
     0 | D:1      | melchizedek set off with the following spells memorised:
                  | Freeze, Frozen Ramparts, Ozocubu's Armour, Summon Ice
                  | Beast.
     0 | D:1      | Reached XP level 1. HP: 15/15 MP: 0/0
    41 | D:1      | Quit the game

Illustrated notes

Levels and vault maps discovered:
D:1:      roderic_chinese_lattice_arrival, layout_basic

Action                     || total
---------------------------++-------
   Cast: Freeze            ||     1
